Canadiens vs Avalanche

Created - 14 février 2018 at 15:55

Goals
1 2 3 T
Canadiens 2 0 0 2
Avalanche 1 1 2 4
Shots
1 2 3 T
Canadiens 11 7 7 25
Avalanche 14 6 15 35

1st period

1. Canadiens , Tomas Surovy 14 (T.J. Galiardi 21, Joel Ward 19) at 1:29
2. Avalanche , Brad Boyes 20 (Patrice Bergeron 38, Niklas Kronwall 26) at 5:12 (PP)
3. Canadiens , Connor McDavid 13 (Darren Helm 24) at 18:05

Penalties :
Carl Gunnarsson (MTL) for Hooking (Minor) at 4:40, Rene Bourque (MTL) for Holding (Minor) at 6:30, Ben Lovejoy (MTL) for Interference (Minor) at 9:55, Mark Borowiecki (MTL) for Holding (Minor) at 14:38

2nd period

4. Avalanche , Mikkel Boedker 6 (Francois Beauchemin 26, TJ Brodie 29) at 5:13 (PP)

Penalties :
Andrej Meszaros (MTL) for Tripping (Minor) at 5:05, Carl Gunnarsson (MTL) for Hooking (Minor) at 15:35, Alex Petrovic (COL) for Tripping (Minor) at 17:57

3rd period

5. Avalanche , Chris VandeVelde 6 (Patrice Bergeron 39, Lukas Krajicek 7) at 11:17
6. Avalanche , Anton Stralman 5 (Patrick Sharp 31, Niklas Kronwall 27) at 15:05 (PP)

Penalties :
Jiri Tlusty (MTL) for Interference (Minor) at 0:42, Ben Lovejoy (MTL) for Holding (Minor) at 8:44, Carl Gunnarsson (MTL) for Boarding (Minor) at 13:09, TJ Brodie (COL) for Hooking (Minor) at 18:59

Goalie Stats

Carey Price (MTL), 31 saves from 35 shots - (0,886), L, 24-23-3, 60:00 minutes
Roberto Luongo (COL), 23 saves from 25 shots - (0,920), W, 33-12-2, 60:00 minutes

Players Stats for Canadiens

Player Name              G  A  P  +/- PIM S  H  SB GA TA FO     MP     PP MP  PK MP  
------------------------------------------------------------------------------------
Alexander Radulov        0  0  0   0  0   2  0  1  0  0  1/1    19:27   1:20   7:35 
Andrej Meszaros          0  0  0   0  2   0  2  4  0  0  0/0    23:07   1:39   7:01 
Andy Hilbert             0  0  0   0  0   1  0  1  0  0  5/8    10:06   0:00   7:08 
Ben Lovejoy              0  0  0   1  4   2  3  6  0  0  0/0    21:05   1:20   6:09 
Carl Gunnarsson          0  0  0   0  6   0  0  0  0  0  0/0    16:04   1:39   0:00 
Connor McDavid           1  0  1   0  0   5  0  0  0  0  9/17   17:11   1:20   0:00 
Darren Helm              0  1  1   0  0   2  0  0  0  0  2/2    17:30   1:39   0:00 
Jiri Tlusty              0  0  0   0  2   1  0  0  0  0  5/14   12:10   1:39   0:00 
Joel Ward                0  1  1   1  0   1  0  0  0  0  0/0    13:10   0:00   0:00 
Jonathan Ericsson        0  0  0   1  0   0  1  7  0  0  0/0    21:35   0:00   7:57 
Mark Borowiecki          0  0  0   0  2   0  2  0  0  0  0/0    16:00   0:00   1:36 
Mark Stuart              0  0  0   0  0   0  4  2  0  0  0/0    22:02   1:20   6:17 
Pascal Dupuis            0  0  0   0  0   4  3  0  0  0  0/0    18:58   1:39   1:28 
Rene Bourque             0  0  0   0  2   1  3  0  0  0  0/0    14:47   0:00   4:16 
Robbie Earl              0  0  0   0  0   2  1  0  0  0  0/0     2:58   0:00   0:00 
Ryan Malone              0  0  0   0  0   1  0  0  0  0  3/5     3:06   0:00   0:08 
T.J. Galiardi            0  1  1   1  0   0  0  2  0  0  6/31   21:35   0:00   8:25 
Tomas Surovy             1  0  1   1  0   3  4  0  0  0  1/1    14:30   1:20   0:00 

Players Stats for Avalanche

Player Name              G  A  P  +/- PIM S  H  SB GA TA FO     MP     PP MP  PK MP  
------------------------------------------------------------------------------------
Alex Petrovic            0  0  0   0  2   1  1  2  0  0  0/0     6:57   0:12   0:00 
Anton Stralman           1  0  1   0  0   1  4  0  0  0  0/0    23:33   7:21   1:40 
Brad Boyes               1  0  1  -1  0   2  0  0  0  0  1/2    21:06   6:24   0:00 
Carl Hagelin             0  0  0  -1  0   0  0  1  0  0  0/0    14:32   0:00   1:14 
Chris VandeVelde         1  0  1   1  0   2  0  0  0  0  0/1    14:31   0:00   0:00 
Francois Beauchemin      0  1  1  -1  0   3  0  1  0  0  0/0    23:28   6:57   1:40 
Jason Zucker             0  0  0  -1  0   1  0  0  0  0  1/3    17:26   0:59   1:45 
Josh Manson              0  0  0   0  0   0  0  0  0  0  0/0     0:00   0:00   0:00 
Jussi Jokinen            0  0  0   0  0   0  1  0  0  0  7/15   15:06   0:00   1:14 
Kyle Palmieri            0  0  0  -1  0   5  2  0  0  0  0/0    19:05   5:47   0:00 
Lukas Krajicek           0  1  1   0  0   0  1  1  0  0  0/0    14:27   0:00   1:19 
Mattias Ekholm           0  0  0   0  0   0  1  1  0  0  0/0     6:22   0:00   0:00 
Mikkel Boedker           1  0  1   0  0   2  0  0  0  0  0/0     7:55   7:55   0:00 
Niklas Kronwall          0  2  2  -1  0   6  0  1  0  0  0/0    24:19   8:09   1:19 
Patrice Bergeron         0  2  2   0  0   1  0  0  0  0  15/22  23:36   6:35   1:45 
Patrick Sharp            0  1  1   0  0   6  1  0  0  0  3/3    21:52   7:55   0:00 
Paul Stastny             0  0  0   0  0   3  3  0  0  0  20/33  21:52   7:55   0:00 
TJ Brodie                0  1  1   0  2   2  1  0  0  0  0/0    20:52   6:21   0:00 

3 Stars

1 - Anton Stralman (COL)
2 - Tomas Surovy (MTL)
3 - Chris VandeVelde (COL)

Power Play

Canadiens - 0 on 2 Attempt(s) - 0,00%
Avalanche - 3 on 9 Attempt(s) - 33,33%

Penalty Kill

Canadiens - 6 on 9 Attempt(s) - 66,67% - Score 0 goal in Penalty Kill
Avalanche - 2 on 2 Attempt(s) - 100,00% - Score 0 goal in Penalty Kill

Team Stat

Canadiens - Hits : 23 - Faceoff Wins : 32 - Blocked Shots : 23 - Penalty Minutes : 18
Avalanche - Hits : 15 - Faceoff Wins : 47 - Blocked Shots : 7 - Penalty Minutes : 4

Official

Referees : Frederick L'Ecuyer and Ian Walsh
Linesman : Pierre Racicot and Mike McBain

Game Notes

No Game Note

Finance

Level 1 -- Attendance: 5867 (97,78%) -- Ticket Income 586 700 $
Level 2 -- Attendance: 5000 (100,00%) -- Ticket Income 325 000 $
Level 3 -- Attendance: 2000 (100,00%) -- Ticket Income 84 000 $
Level 4 -- Attendance: 4000 (100,00%) -- Ticket Income 108 000 $
Luxury Box -- Attendance: 1007 (100,00%) -- Ticket Income 211 470 $
Game was played at the Pepsi Center.
Total Attendance: 17874 (99,26%)
Total Ticket Income: 1 315 170 $
Other Income: 644 433 $
Total Income: 1 959 603 $

Canadiens

5 vs 5 Forward 
   Center                   Left Wing                Right Wing               Time % Phy DF OF 
 1 Connor McDavid           Pascal Dupuis            Darren Helm              35     0   2  3  
 2 T.J. Galiardi            Joel Ward                Tomas Surovy             32     0   3  2  
 3 Jiri Tlusty              Rene Bourque             Alexander Radulov        27     0   3  2  
 4 Ryan Malone              Robbie Earl              Andy Hilbert             6      0   3  2  

5 vs 5 Defense 
   Defense                  Defense                                           Time % Phy DF OF 
 1 Andrej Meszaros          Carl Gunnarsson                                   33     0   3  2  
 2 Ben Lovejoy              Jonathan Ericsson                                 33     0   3  2  
 3 Mark Stuart              Mark Borowiecki                                   33     0   3  2  
 4 Andrej Meszaros          Carl Gunnarsson                                   1      0   1  4  

PowerPlay Forward 
   Center                   Left Wing                Right Wing               Time % Phy DF OF 
 1 Connor McDavid           Alexander Radulov        Tomas Surovy             55     1   1  3  
 2 Jiri Tlusty              Pascal Dupuis            Darren Helm              45     1   1  3  

PowerPlay Defense
   Defense                  Defense                                           Time % Phy DF OF 
 1 Andrej Meszaros          Carl Gunnarsson                                   55     1   2  2  
 2 Ben Lovejoy              Mark Stuart                                       45     1   2  2  

Penalty Kill 4 Players Forward 
   Center                   Wing                     Time % Phy DF OF 
 1 T.J. Galiardi            Alexander Radulov        55     0   3  2  
 2 Andy Hilbert             Rene Bourque             45     0   3  2  

Penalty Kill 4 Players Defense
   Defense                  Defense                  Time % Phy DF OF 
 1 Andrej Meszaros          Mark Stuart              55     1   3  1  
 2 Ben Lovejoy              Jonathan Ericsson        45     1   3  1  

Penalty Kill - 3 Players Forward 
   Forward                                           Time % Phy DF OF 
 1 T.J. Galiardi                                     54     1   4  0  
 2 Connor McDavid                                    46     1   4  0  

Penalty Kill - 3 Players Defense
   Defense                  Defense                  Time % Phy DF OF 
 1 Andrej Meszaros          Mark Stuart              54     1   4  0  
 2 Ben Lovejoy              Jonathan Ericsson        46     1   4  0  

4 vs 4 Forward 
   Center                   Wing                     Time % Phy DF OF 
 1 Darren Helm              T.J. Galiardi            55     1   1  3  
 2 Connor McDavid           Alexander Radulov        45     1   1  3  

4 vs 4 Defense
   Defense                  Defense                  Time % Phy DF OF 
 1 Andrej Meszaros          Mark Stuart              55     1   2  2  
 2 Ben Lovejoy              Jonathan Ericsson        45     1   2  2  

Last Minutes Offensive
   Center                   Left Wing                Right Wing               Defense                  Defense                  
   Connor McDavid           Alexander Radulov        T.J. Galiardi            Andrej Meszaros          Carl Gunnarsson          

Last Minutes Defensive
   Center                   Left Wing                Right Wing               Defense                  Defense                  
   T.J. Galiardi            Rene Bourque             Andy Hilbert             Mark Stuart              Andrej Meszaros          

Goaltenders
Starting : Carey Price              
Backup : Louis Domingue           

Extra Forwards
Normal : Jiri Tlusty, Darren Helm, Connor McDavid - PP : Alexander Radulov, Robbie Earl - PK : T.J. Galiardi
Extra Defensemen
Normal : Jonathan Ericsson, Mark Borowiecki, Ben Lovejoy - PP : Carl Gunnarsson - PK : Mark Borowiecki, Ben Lovejoy
Penalty Shots
Robbie Earl, Alexander Radulov, Connor McDavid, Pascal Dupuis, Darren Helm
Custom OT Lines Forwards
Darren Helm, T.J. Galiardi, Connor McDavid, Alexander Radulov, Tomas Surovy, Pascal Dupuis, Joel Ward, Robbie Earl, Ryan Malone, Andy Hilbert
Custom OT Lines Defensemen
Andrej Meszaros, Mark Stuart, Ben Lovejoy, Jonathan Ericsson, Mark Borowiecki

Scratches
None

Avalanche

5 vs 5 Forward 
   Center                   Left Wing                Right Wing               Time % Phy DF OF 
 1 Patrice Bergeron         Jason Zucker             Brad Boyes               38     0   2  3  
 2 Paul Stastny             Chris VandeVelde         Patrick Sharp            38     0   2  3  
 3 Jussi Jokinen            Kyle Palmieri            Carl Hagelin             24     0   3  2  
 4 Patrice Bergeron         Jussi Jokinen            Chris VandeVelde         0      0   2  3  

5 vs 5 Defense 
   Defense                  Defense                                           Time % Phy DF OF 
 1 Francois Beauchemin      Niklas Kronwall                                   42     0   3  2  
 2 TJ Brodie                Anton Stralman                                    40     0   3  2  
 3 Lukas Krajicek           Alex Petrovic                                     9      0   4  1  
 4 Lukas Krajicek           Mattias Ekholm                                    9      0   4  1  

PowerPlay Forward 
   Center                   Left Wing                Right Wing               Time % Phy DF OF 
 1 Paul Stastny             Patrick Sharp            Mikkel Boedker           60     0   0  5  
 2 Patrice Bergeron         Kyle Palmieri            Brad Boyes               40     0   0  5  

PowerPlay Defense
   Defense                  Defense                                           Time % Phy DF OF 
 1 Anton Stralman           Niklas Kronwall                                   60     0   1  4  
 2 TJ Brodie                Francois Beauchemin                               40     0   1  4  

Penalty Kill 4 Players Forward 
   Center                   Wing                     Time % Phy DF OF 
 1 Patrice Bergeron         Jason Zucker             50     0   5  0  
 2 Jussi Jokinen            Carl Hagelin             50     0   5  0  

Penalty Kill 4 Players Defense
   Defense                  Defense                  Time % Phy DF OF 
 1 Francois Beauchemin      Anton Stralman           50     1   4  0  
 2 Niklas Kronwall          Lukas Krajicek           50     1   4  0  

Penalty Kill - 3 Players Forward 
   Forward                                           Time % Phy DF OF 
 1 Patrice Bergeron                                  60     0   5  0  
 2 Paul Stastny                                      40     0   5  0  

Penalty Kill - 3 Players Defense
   Defense                  Defense                  Time % Phy DF OF 
 1 Francois Beauchemin      Niklas Kronwall          60     1   4  0  
 2 Anton Stralman           TJ Brodie                40     1   4  0  

4 vs 4 Forward 
   Center                   Wing                     Time % Phy DF OF 
 1 Paul Stastny             Patrick Sharp            50     0   1  4  
 2 Patrice Bergeron         Jussi Jokinen            50     0   1  4  

4 vs 4 Defense
   Defense                  Defense                  Time % Phy DF OF 
 1 Francois Beauchemin      Niklas Kronwall          50     0   2  3  
 2 TJ Brodie                Anton Stralman           50     0   2  3  

Last Minutes Offensive
   Center                   Left Wing                Right Wing               Defense                  Defense                  
   Paul Stastny             Patrick Sharp            Brad Boyes               TJ Brodie                Francois Beauchemin      

Last Minutes Defensive
   Center                   Left Wing                Right Wing               Defense                  Defense                  
   Paul Stastny             Jason Zucker             Brad Boyes               Niklas Kronwall          Francois Beauchemin      

Goaltenders
Starting : Roberto Luongo           
Backup : Justin Peters            

Extra Forwards
Normal : Chris VandeVelde, Jason Zucker, Kyle Palmieri - PP : Mikkel Boedker, Jason Zucker - PK : Chris VandeVelde
Extra Defensemen
Normal : Anton Stralman, Mattias Ekholm, Lukas Krajicek - PP : Anton Stralman - PK : Lukas Krajicek, Mattias Ekholm
Penalty Shots
Paul Stastny, Brad Boyes, Patrick Sharp, Patrice Bergeron, Kyle Palmieri
Custom OT Lines Forwards
Paul Stastny, Patrick Sharp, Brad Boyes, Patrice Bergeron, Kyle Palmieri, Jussi Jokinen, Jason Zucker, Mikkel Boedker, Carl Hagelin, Chris VandeVelde
Custom OT Lines Defensemen
Francois Beauchemin, TJ Brodie, Josh Manson, Niklas Kronwall, Mattias Ekholm

Scratches
Remi Elie (Healthy)

% Time on Ice - Canadiens

Lines # - Real PCT - Wanted PCT - Time Play
Normal Forward
1 - 37% - 35% - 15:51
2 - 31% - 32% - 13:10
3 - 25% - 27% - 10:32
4 - 7% - 6% - 2:58
Normal Defense
1 - 34% - 33% - 14:16
2 - 32% - 33% - 13:38
3 - 34% - 33% - 14:25
4 - 0% - 1% - 0:12
PP Forward
1 - 45% - 55% - 1:20
2 - 55% - 45% - 1:39
PP Defense
1 - 55% - 55% - 1:39
2 - 45% - 45% - 1:20
PK Forward
1 - 59% - 55% - 8:36
2 - 41% - 45% - 5:54
PK Defense
1 - 45% - 55% - 6:33
2 - 55% - 45% - 7:57
PK3 Forward
1 - 0% - 54%
2 - 0% - 46%
PK3 Defense
1 - 0% - 54%
2 - 0% - 46%
44 Forward
1 - 0% - 55%
2 - 0% - 45%
44 Defense
1 - 0% - 55%
2 - 0% - 45%
Last Minute Offensive  - 0:00
Last Minute Defensive  - 0:00
Total
Forward - 60:00
Defense - 60:00

% Time on Ice - Avalanche

Lines # - Real PCT - Wanted PCT - Time Play
Normal Forward
1 - 35% - 38% - 14:42
2 - 33% - 38% - 13:57
3 - 31% - 24% - 13:18
4 - 1% - 0% - 0:34
Normal Defense
1 - 35% - 42% - 14:51
2 - 34% - 40% - 14:32
3 - 16% - 9% - 6:46
4 - 15% - 9% - 6:22
PP Forward
1 - 55% - 60% - 7:55
2 - 45% - 40% - 6:35
PP Defense
1 - 56% - 60% - 8:05
2 - 44% - 40% - 6:25
PK Forward
1 - 59% - 50% - 1:45
2 - 41% - 50% - 1:14
PK Defense
1 - 56% - 50% - 1:40
2 - 44% - 50% - 1:19
PK3 Forward
1 - 0% - 60%
2 - 0% - 40%
PK3 Defense
1 - 0% - 60%
2 - 0% - 40%
44 Forward
1 - 0% - 50%
2 - 0% - 50%
44 Defense
1 - 0% - 50%
2 - 0% - 50%
Last Minute Offensive  - 0:00
Last Minute Defensive  - 0:00
Total
Forward - 60:00
Defense - 60:00

Play by Play

1st period


0:01 of 1st period - Connor McDavid wins face-off versus Patrice Bergeron in neutral zone.
0:43 of 1st period - Shot by Andrej Meszaros.
0:43 of 1st period - Shot Misses the Net.
0:53 of 1st period - Shot by T.J. Galiardi.
0:53 of 1st period - Shot Blocked by Niklas Kronwall.
1:21 of 1st period - Shot by Joel Ward.
1:21 of 1st period - Shot Misses the Net.
1:23 of 1st period - Shot by Joel Ward.
1:23 of 1st period - Shot Misses the Net.
1:29 of 1st period - Shot by Tomas Surovy.
1:29 of 1st period - Goal by Tomas Surovy - Canadiens : 1 - Avalanche : 0.
1:30 of 1st period - Paul Stastny wins face-off versus Jiri Tlusty in neutral zone.
2:09 of 1st period - Jiri Tlusty is hit by TJ Brodie and loses puck.
2:17 of 1st period - Icing by TJ Brodie.
2:18 of 1st period - Ryan Malone wins face-off versus Paul Stastny in Avalanche zone.
2:18 of 1st period - Ryan Malone is hit by Anton Stralman.
2:26 of 1st period - Shot by Ryan Malone.
2:26 of 1st period - Deflect By Robbie Earl.
2:26 of 1st period - Stopped by Roberto Luongo without a rebound.
2:27 of 1st period - Tomas Surovy wins face-off versus Jussi Jokinen in Avalanche zone.
2:27 of 1st period - T.J. Galiardi is hit by Alex Petrovic.
2:34 of 1st period - Icing by Lukas Krajicek.
2:35 of 1st period - Connor McDavid wins face-off versus Jussi Jokinen in Avalanche zone.
2:36 of 1st period - Shot by Darren Helm.
2:36 of 1st period - Stopped by Roberto Luongo without a rebound.
2:37 of 1st period - Jussi Jokinen wins face-off versus Connor McDavid in Avalanche zone.
2:51 of 1st period - Jussi Jokinen is hit by Mark Stuart and loses puck.
4:01 of 1st period - Andrej Meszaros is hit by Paul Stastny and loses puck.
4:40 of 1st period - Minor Penalty to Carl Gunnarsson for Hooking.
4:41 of 1st period - Patrice Bergeron wins face-off versus T.J. Galiardi in Canadiens zone.
4:54 of 1st period - Shot by Francois Beauchemin.
4:54 of 1st period - Shot Blocked by Ben Lovejoy.
5:12 of 1st period - Shot by Patrice Bergeron.
5:12 of 1st period - Deflect By Brad Boyes.
5:12 of 1st period - Goal by Brad Boyes - Canadiens : 1 - Avalanche : 1.
5:13 of 1st period - Ryan Malone wins face-off versus Jussi Jokinen in neutral zone.
6:00 of 1st period - Shot by Darren Helm.
6:00 of 1st period - Shot Misses the Net.
6:20 of 1st period - Shot by Connor McDavid.
6:20 of 1st period - Stopped by Roberto Luongo without a rebound.
6:21 of 1st period - Jiri Tlusty wins face-off versus Patrice Bergeron in Avalanche zone.
6:30 of 1st period - Minor Penalty to Rene Bourque for Holding.
6:31 of 1st period - Paul Stastny wins face-off versus T.J. Galiardi in Canadiens zone.
6:32 of 1st period - Shot by Niklas Kronwall.
6:32 of 1st period - Shot Misses the Net.
6:34 of 1st period - Shot by Patrick Sharp.
6:34 of 1st period - Stopped by Carey Price without a rebound.
6:35 of 1st period - T.J. Galiardi wins face-off versus Paul Stastny in Canadiens zone.
7:20 of 1st period - Shot by Niklas Kronwall.
7:20 of 1st period - Shot Misses the Net.
7:36 of 1st period - Shot by TJ Brodie.
7:36 of 1st period - Shot Blocked by Jonathan Ericsson.
7:40 of 1st period - Shot by Kyle Palmieri.
7:40 of 1st period - Stopped by Carey Price without a rebound.
7:41 of 1st period - Andy Hilbert wins face-off versus Patrice Bergeron in Canadiens zone.
8:14 of 1st period - Shot by Patrice Bergeron.
8:14 of 1st period - Shot Misses the Net.
8:16 of 1st period - Shot by TJ Brodie.
8:16 of 1st period - Stopped by Carey Price without a rebound.
8:17 of 1st period - T.J. Galiardi wins face-off versus Paul Stastny in Canadiens zone.
8:17 of 1st period - T.J. Galiardi is hit by Paul Stastny.
9:00 of 1st period - Shot by Connor McDavid.
9:00 of 1st period - Stopped by Roberto Luongo without a rebound.
9:01 of 1st period - Jiri Tlusty wins face-off versus Paul Stastny in Avalanche zone.
9:08 of 1st period - Shot by Jiri Tlusty.
9:08 of 1st period - Stopped by Roberto Luongo without a rebound.
9:09 of 1st period - Jiri Tlusty wins face-off versus Brad Boyes in Avalanche zone.
9:29 of 1st period - Jason Zucker is hit by Jonathan Ericsson and loses puck.
9:34 of 1st period - Shot by Jason Zucker.
9:34 of 1st period - Stopped by Carey Price with a rebound.
9:40 of 1st period - Shot by Patrice Bergeron.
9:40 of 1st period - Shot Misses the Net.
9:54 of 1st period - Shot by Patrice Bergeron.
9:54 of 1st period - Shot Blocked by Jonathan Ericsson.
9:55 of 1st period - Minor Penalty to Ben Lovejoy for Interference.
9:56 of 1st period - Paul Stastny wins face-off versus T.J. Galiardi in Canadiens zone.
10:03 of 1st period - Shot by Anton Stralman.
10:03 of 1st period - Shot Blocked by Mark Stuart.
10:05 of 1st period - Shot by Patrick Sharp.
10:05 of 1st period - Shot Misses the Net.
10:31 of 1st period - Shot by Niklas Kronwall.
10:31 of 1st period - Stopped by Carey Price with a rebound.
10:33 of 1st period - Shot by Niklas Kronwall.
10:33 of 1st period - Stopped by Carey Price without a rebound.
10:34 of 1st period - Patrice Bergeron wins face-off versus Andy Hilbert in Canadiens zone.
10:47 of 1st period - Shot by Brad Boyes.
10:47 of 1st period - Shot Blocked by Andy Hilbert.
10:49 of 1st period - Shot by Francois Beauchemin.
10:49 of 1st period - Shot Misses the Net.
10:51 of 1st period - Shot by TJ Brodie.
10:51 of 1st period - Shot Misses the Net.
10:53 of 1st period - Shot by Kyle Palmieri.
10:53 of 1st period - Stopped by Carey Price with a rebound.
10:55 of 1st period - Shot by TJ Brodie.
10:55 of 1st period - Stopped by Carey Price with a rebound.
10:59 of 1st period - Shot by Kyle Palmieri.
10:59 of 1st period - Shot Misses the Net.
11:05 of 1st period - Shot by Brad Boyes.
11:05 of 1st period - Shot Misses the Net.
11:25 of 1st period - Shot by Patrick Sharp.
11:25 of 1st period - Stopped by Carey Price without a rebound.
11:26 of 1st period - Paul Stastny wins face-off versus T.J. Galiardi in Canadiens zone.
11:43 of 1st period - Shot by Mikkel Boedker.
11:43 of 1st period - Shot Misses the Net.
11:45 of 1st period - Shot by Anton Stralman.
11:45 of 1st period - Shot Misses the Net.
11:47 of 1st period - Shot by Niklas Kronwall.
11:47 of 1st period - Shot Blocked by Andrej Meszaros.
11:51 of 1st period - Shot by Patrick Sharp.
11:51 of 1st period - Shot Misses the Net.
11:53 of 1st period - Shot by Mikkel Boedker.
11:53 of 1st period - Stopped by Carey Price with a rebound.
11:55 of 1st period - Shot by Niklas Kronwall.
11:55 of 1st period - Stopped by Carey Price without a rebound.
11:56 of 1st period - Jussi Jokinen wins face-off versus Connor McDavid in Canadiens zone.
12:09 of 1st period - Shot by Carl Hagelin.
12:09 of 1st period - Shot Blocked by Andrej Meszaros.
12:15 of 1st period - Shot by Connor McDavid.
12:15 of 1st period - Shot Misses the Net.
12:25 of 1st period - Shot by Pascal Dupuis.
12:25 of 1st period - Shot Misses the Net.
12:27 of 1st period - Shot by Pascal Dupuis.
12:27 of 1st period - Shot Misses the Net.
12:29 of 1st period - Shot by Pascal Dupuis.
12:29 of 1st period - Stopped by Roberto Luongo with a rebound.
12:59 of 1st period - Shot by Joel Ward.
12:59 of 1st period - Shot Blocked by Carl Hagelin.
13:01 of 1st period - Shot by Joel Ward.
13:01 of 1st period - Deflect By Tomas Surovy.
13:01 of 1st period - Stopped by Roberto Luongo without a rebound.
13:02 of 1st period - Paul Stastny wins face-off versus Jiri Tlusty in Avalanche zone.
13:09 of 1st period - Shot by Paul Stastny.
13:09 of 1st period - Shot Misses the Net.
13:11 of 1st period - Shot by Patrick Sharp.
13:11 of 1st period - Stopped by Carey Price without a rebound.
13:12 of 1st period - Patrice Bergeron wins face-off versus T.J. Galiardi in Canadiens zone.
13:21 of 1st period - Shot by Joel Ward.
13:21 of 1st period - Shot Misses the Net.
13:25 of 1st period - Shot by T.J. Galiardi.
13:25 of 1st period - Shot Misses the Net.
13:31 of 1st period - Shot by Joel Ward.
13:31 of 1st period - Shot Blocked by Francois Beauchemin.
14:38 of 1st period - Minor Penalty to Mark Borowiecki for Holding.
14:39 of 1st period - Paul Stastny wins face-off versus T.J. Galiardi in Canadiens zone.
14:40 of 1st period - Shot by Anton Stralman.
14:40 of 1st period - Shot Blocked by Mark Stuart.
16:20 of 1st period - Shot by Paul Stastny.
16:20 of 1st period - Shot Blocked by Ben Lovejoy.
16:22 of 1st period - Shot by Paul Stastny.
16:22 of 1st period - Stopped by Carey Price without a rebound.
16:23 of 1st period - T.J. Galiardi wins face-off versus Patrice Bergeron in Canadiens zone.
16:33 of 1st period - Off-side.
16:34 of 1st period - T.J. Galiardi wins face-off versus Paul Stastny in neutral zone.
16:55 of 1st period - Shot by Connor McDavid.
16:55 of 1st period - Stopped by Roberto Luongo without a rebound.
16:56 of 1st period - Patrice Bergeron wins face-off versus T.J. Galiardi in Avalanche zone.
16:56 of 1st period - Brad Boyes is hit by Tomas Surovy and loses puck.
17:05 of 1st period - Shot by Jason Zucker.
17:05 of 1st period - Shot Blocked by T.J. Galiardi.
17:24 of 1st period - Patrice Bergeron is hit by Mark Stuart.
17:53 of 1st period - Shot by Alexander Radulov.
17:53 of 1st period - Stopped by Roberto Luongo without a rebound.
17:54 of 1st period - Darren Helm wins face-off versus Jussi Jokinen in Avalanche zone.
18:05 of 1st period - Shot by Connor McDavid.
18:05 of 1st period - Goal by Connor McDavid - Canadiens : 2 - Avalanche : 1.
18:06 of 1st period - Paul Stastny wins face-off versus Jiri Tlusty in neutral zone.
19:13 of 1st period - Shot by Darren Helm.
19:13 of 1st period - Shot Misses the Net.
Goals for this period are 2 for Canadiens vs 1 for Avalanche.
Shots for this period are 11 for Canadiens vs 14 for Avalanche.

2nd period


0:01 of 2nd period - Paul Stastny wins face-off versus T.J. Galiardi in neutral zone.
0:38 of 2nd period - Icing by Paul Stastny.
0:39 of 2nd period - Patrick Sharp wins face-off versus Connor McDavid in Avalanche zone.
0:39 of 2nd period - Paul Stastny is hit by Pascal Dupuis and loses puck.
0:48 of 2nd period - Shot by Patrick Sharp.
0:48 of 2nd period - Shot Blocked by Andrej Meszaros.
1:09 of 2nd period - Brad Boyes is hit by Andrej Meszaros and loses puck.
2:32 of 2nd period - Joel Ward is hit by Lukas Krajicek.
2:38 of 2nd period - Shot by Joel Ward.
2:38 of 2nd period - Stopped by Roberto Luongo without a rebound.
2:39 of 2nd period - Paul Stastny wins face-off versus Jiri Tlusty in Avalanche zone.
2:54 of 2nd period - Shot by Paul Stastny.
2:54 of 2nd period - Shot Misses the Net.
3:18 of 2nd period - Shot by Jiri Tlusty.
3:18 of 2nd period - Shot Misses the Net.
4:59 of 2nd period - Tomas Surovy is hit by Jussi Jokinen.
5:03 of 2nd period - T.J. Galiardi is hit by Kyle Palmieri and loses puck.
5:05 of 2nd period - Minor Penalty to Andrej Meszaros for Tripping.
5:06 of 2nd period - Paul Stastny wins face-off versus Andy Hilbert in Canadiens zone.
5:09 of 2nd period - Shot by Francois Beauchemin.
5:09 of 2nd period - Stopped by Carey Price with a rebound.
5:11 of 2nd period - Shot by Francois Beauchemin.
5:11 of 2nd period - Shot Blocked by Ben Lovejoy.
5:13 of 2nd period - Shot by Mikkel Boedker.
5:13 of 2nd period - Goal by Mikkel Boedker - Canadiens : 2 - Avalanche : 2.
5:14 of 2nd period - Jussi Jokinen wins face-off versus Connor McDavid in neutral zone.
5:14 of 2nd period - Jussi Jokinen is hit by Pascal Dupuis.
5:23 of 2nd period - Shot by Darren Helm.
5:23 of 2nd period - Shot Blocked by Alex Petrovic.
5:33 of 2nd period - Shot by Kyle Palmieri.
5:33 of 2nd period - Shot Misses the Net.
5:55 of 2nd period - Shot by Darren Helm.
5:55 of 2nd period - Shot Misses the Net.
6:24 of 2nd period - Shot by Niklas Kronwall.
6:24 of 2nd period - Stopped by Carey Price without a rebound.
6:25 of 2nd period - Paul Stastny wins face-off versus T.J. Galiardi in Canadiens zone.
7:35 of 2nd period - Patrice Bergeron is hit by Mark Borowiecki and loses puck.
8:48 of 2nd period - Ben Lovejoy is hit by Mattias Ekholm and loses puck.
8:59 of 2nd period - Shot by Pascal Dupuis.
8:59 of 2nd period - Shot Blocked by Mattias Ekholm.
9:03 of 2nd period - Shot by Pascal Dupuis.
9:03 of 2nd period - Stopped by Roberto Luongo without a rebound.
9:04 of 2nd period - Paul Stastny wins face-off versus T.J. Galiardi in Avalanche zone.
9:13 of 2nd period - Andrej Meszaros is hit by Paul Stastny and loses puck.
9:20 of 2nd period - TJ Brodie is hit by Tomas Surovy and loses puck.
9:26 of 2nd period - Icing by Paul Stastny.
9:27 of 2nd period - Ryan Malone wins face-off versus Paul Stastny in Avalanche zone.
9:27 of 2nd period - Ryan Malone is hit by Anton Stralman.
9:31 of 2nd period - Shot by Robbie Earl.
9:31 of 2nd period - Stopped by Roberto Luongo without a rebound.
9:32 of 2nd period - Connor McDavid wins face-off versus Patrice Bergeron in Avalanche zone.
10:20 of 2nd period - Icing by Carl Gunnarsson.
10:21 of 2nd period - Connor McDavid wins face-off versus Chris VandeVelde in Canadiens zone.
10:52 of 2nd period - Shot by Tomas Surovy.
10:52 of 2nd period - Stopped by Roberto Luongo without a rebound.
10:53 of 2nd period - Alexander Radulov wins face-off versus Jussi Jokinen in Avalanche zone.
11:06 of 2nd period - Shot by Jiri Tlusty.
11:06 of 2nd period - Deflect By Rene Bourque.
11:06 of 2nd period - Stopped by Roberto Luongo without a rebound.
11:07 of 2nd period - Patrice Bergeron wins face-off versus T.J. Galiardi in Avalanche zone.
11:29 of 2nd period - Shot by Patrice Bergeron.
11:29 of 2nd period - Shot Blocked by Jonathan Ericsson.
12:26 of 2nd period - Patrick Sharp is hit by Mark Stuart and loses puck.
12:33 of 2nd period - Shot by Paul Stastny.
12:33 of 2nd period - Shot Misses the Net.
13:59 of 2nd period - Shot by Connor McDavid.
13:59 of 2nd period - Stopped by Roberto Luongo without a rebound.
14:00 of 2nd period - Paul Stastny wins face-off versus T.J. Galiardi in Avalanche zone.
14:28 of 2nd period - Icing by Ben Lovejoy.
14:29 of 2nd period - Brad Boyes wins face-off versus T.J. Galiardi in Canadiens zone.
14:30 of 2nd period - Shot by Patrice Bergeron.
14:30 of 2nd period - Shot Misses the Net.
14:48 of 2nd period - Brad Boyes is hit by Ben Lovejoy and loses puck.
14:51 of 2nd period - Shot by Jason Zucker.
14:51 of 2nd period - Shot Blocked by Ben Lovejoy.
14:53 of 2nd period - Shot by Brad Boyes.
14:53 of 2nd period - Shot Misses the Net.
15:30 of 2nd period - Icing by Andrej Meszaros.
15:31 of 2nd period - Paul Stastny wins face-off versus Connor McDavid in Canadiens zone.
15:35 of 2nd period - Minor Penalty to Carl Gunnarsson for Hooking.
15:36 of 2nd period - Patrick Sharp wins face-off versus Andy Hilbert in Canadiens zone.
15:36 of 2nd period - Patrick Sharp is hit by Mark Stuart.
16:56 of 2nd period - Shot by Kyle Palmieri.
16:56 of 2nd period - Stopped by Carey Price without a rebound.
16:57 of 2nd period - Paul Stastny wins face-off versus Ryan Malone in Canadiens zone.
17:00 of 2nd period - Shot by Patrick Sharp.
17:00 of 2nd period - Deflect By Paul Stastny.
17:00 of 2nd period - Shot Blocked by Alexander Radulov.
17:02 of 2nd period - Shot by Niklas Kronwall.
17:02 of 2nd period - Shot Misses the Net.
17:04 of 2nd period - Shot by Patrick Sharp.
17:04 of 2nd period - Stopped by Carey Price without a rebound.
17:05 of 2nd period - Paul Stastny wins face-off versus T.J. Galiardi in Canadiens zone.
17:10 of 2nd period - Shot by Francois Beauchemin.
17:10 of 2nd period - Stopped by Carey Price without a rebound.
17:11 of 2nd period - Andy Hilbert wins face-off versus Paul Stastny in Canadiens zone.
17:54 of 2nd period - Shot by Darren Helm.
17:54 of 2nd period - Shot Misses the Net.
17:57 of 2nd period - Minor Penalty to Alex Petrovic for Tripping.
17:58 of 2nd period - Patrice Bergeron wins face-off versus Jiri Tlusty in Avalanche zone.
17:58 of 2nd period - Patrice Bergeron is hit by Pascal Dupuis.
18:50 of 2nd period - Shot by Connor McDavid.
18:50 of 2nd period - Shot Misses the Net.
18:52 of 2nd period - Shot by Ben Lovejoy.
18:52 of 2nd period - Stopped by Roberto Luongo without a rebound.
18:53 of 2nd period - Connor McDavid wins face-off versus Jussi Jokinen in Avalanche zone.
Goals for this period are 0 for Canadiens vs 1 for Avalanche.
Shots for this period are 7 for Canadiens vs 6 for Avalanche.

3rd period


0:01 of 3rd period - Darren Helm wins face-off versus Paul Stastny in neutral zone.
0:38 of 3rd period - Shot by Darren Helm.
0:38 of 3rd period - Stopped by Roberto Luongo without a rebound.
0:39 of 3rd period - Jason Zucker wins face-off versus Jiri Tlusty in Avalanche zone.
0:39 of 3rd period - Jason Zucker is hit by Rene Bourque.
0:42 of 3rd period - Minor Penalty to Jiri Tlusty for Interference.
0:43 of 3rd period - Patrice Bergeron wins face-off versus T.J. Galiardi in Canadiens zone.
1:12 of 3rd period - Shot by Anton Stralman.
1:12 of 3rd period - Shot Misses the Net.
1:14 of 3rd period - Shot by Kyle Palmieri.
1:14 of 3rd period - Stopped by Carey Price with a rebound.
1:16 of 3rd period - Shot by Niklas Kronwall.
1:16 of 3rd period - Stopped by Carey Price without a rebound.
1:17 of 3rd period - T.J. Galiardi wins face-off versus Paul Stastny in Canadiens zone.
1:52 of 3rd period - Shot by Paul Stastny.
1:52 of 3rd period - Shot Misses the Net.
1:54 of 3rd period - Shot by Paul Stastny.
1:54 of 3rd period - Shot Misses the Net.
1:56 of 3rd period - Shot by Patrick Sharp.
1:56 of 3rd period - Stopped by Carey Price without a rebound.
1:57 of 3rd period - Patrice Bergeron wins face-off versus T.J. Galiardi in Canadiens zone.
2:10 of 3rd period - Shot by Patrice Bergeron.
2:10 of 3rd period - Shot Blocked by Jonathan Ericsson.
2:12 of 3rd period - Shot by Brad Boyes.
2:12 of 3rd period - Stopped by Carey Price without a rebound.
2:13 of 3rd period - Andy Hilbert wins face-off versus Patrice Bergeron in Canadiens zone.
2:13 of 3rd period - Andy Hilbert is hit by Kyle Palmieri.
3:09 of 3rd period - Off-side.
3:10 of 3rd period - Jussi Jokinen wins face-off versus T.J. Galiardi in neutral zone.
3:10 of 3rd period - Jussi Jokinen is hit by Tomas Surovy.
3:16 of 3rd period - Shot by Kyle Palmieri.
3:16 of 3rd period - Shot Blocked by Andrej Meszaros.
4:24 of 3rd period - Shot by Ben Lovejoy.
4:24 of 3rd period - Stopped by Roberto Luongo without a rebound.
4:25 of 3rd period - Connor McDavid wins face-off versus Jason Zucker in Avalanche zone.
4:26 of 3rd period - Shot by Darren Helm.
4:26 of 3rd period - Deflect By Pascal Dupuis.
4:26 of 3rd period - Stopped by Roberto Luongo without a rebound.
4:27 of 3rd period - Patrice Bergeron wins face-off versus Connor McDavid in Avalanche zone.
5:02 of 3rd period - Shot by Darren Helm.
5:02 of 3rd period - Shot Misses the Net.
5:21 of 3rd period - Icing by Niklas Kronwall.
5:22 of 3rd period - Jiri Tlusty wins face-off versus Jason Zucker in Avalanche zone.
6:16 of 3rd period - Shot by Chris VandeVelde.
6:16 of 3rd period - Shot Misses the Net.
6:51 of 3rd period - Anton Stralman is hit by Andrej Meszaros and loses puck.
7:22 of 3rd period - Shot by Darren Helm.
7:22 of 3rd period - Shot Misses the Net.
7:24 of 3rd period - Shot by Mark Stuart.
7:24 of 3rd period - Shot Misses the Net.
7:26 of 3rd period - Shot by Connor McDavid.
7:26 of 3rd period - Shot Misses the Net.
7:28 of 3rd period - Shot by Mark Stuart.
7:28 of 3rd period - Shot Misses the Net.
7:30 of 3rd period - Shot by Pascal Dupuis.
7:30 of 3rd period - Deflect By Darren Helm.
7:30 of 3rd period - Shot Misses the Net.
7:37 of 3rd period - Shot by Darren Helm.
7:37 of 3rd period - Shot Misses the Net.
7:50 of 3rd period - Darren Helm is hit by Anton Stralman and loses puck.
8:31 of 3rd period - Niklas Kronwall is hit by Robbie Earl.
8:38 of 3rd period - Jason Zucker is hit by Ben Lovejoy and loses puck.
8:44 of 3rd period - Minor Penalty to Ben Lovejoy for Holding.
8:45 of 3rd period - Paul Stastny wins face-off versus T.J. Galiardi in Canadiens zone.
8:48 of 3rd period - Shot by Francois Beauchemin.
8:48 of 3rd period - Stopped by Carey Price without a rebound.
8:49 of 3rd period - T.J. Galiardi wins face-off versus Paul Stastny in Canadiens zone.
8:49 of 3rd period - T.J. Galiardi is hit by Patrick Sharp.
9:01 of 3rd period - Shot by Francois Beauchemin.
9:01 of 3rd period - Shot Blocked by Jonathan Ericsson.
9:12 of 3rd period - Off-side.
9:13 of 3rd period - Patrice Bergeron wins face-off versus T.J. Galiardi in neutral zone.
10:47 of 3rd period - Shot by Patrice Bergeron.
10:47 of 3rd period - Stopped by Carey Price without a rebound.
10:48 of 3rd period - Patrice Bergeron wins face-off versus Connor McDavid in Canadiens zone.
11:17 of 3rd period - Shot by Patrice Bergeron.
11:17 of 3rd period - Deflect By Chris VandeVelde.
11:17 of 3rd period - Goal by Chris VandeVelde - Canadiens : 2 - Avalanche : 3.
11:18 of 3rd period - Paul Stastny wins face-off versus Ryan Malone in neutral zone.
11:39 of 3rd period - Shot by Ryan Malone.
11:39 of 3rd period - Stopped by Roberto Luongo without a rebound.
11:40 of 3rd period - Jussi Jokinen wins face-off versus T.J. Galiardi in Avalanche zone.
12:01 of 3rd period - Alex Petrovic is hit by Tomas Surovy and loses puck.
12:41 of 3rd period - Icing by Mark Borowiecki.
12:42 of 3rd period - Paul Stastny wins face-off versus T.J. Galiardi in Canadiens zone.
12:42 of 3rd period - Paul Stastny is hit by Mark Borowiecki.
12:46 of 3rd period - Shot by Paul Stastny.
12:46 of 3rd period - Shot Misses the Net.
12:48 of 3rd period - Shot by Chris VandeVelde.
12:48 of 3rd period - Shot Blocked by T.J. Galiardi.
12:52 of 3rd period - Shot by Patrick Sharp.
12:52 of 3rd period - Deflect By Paul Stastny.
12:52 of 3rd period - Stopped by Carey Price without a rebound.
12:53 of 3rd period - Patrice Bergeron wins face-off versus Jiri Tlusty in Canadiens zone.
13:09 of 3rd period - Minor Penalty to Carl Gunnarsson for Boarding.
13:10 of 3rd period - Andy Hilbert wins face-off versus Paul Stastny in Canadiens zone.
13:21 of 3rd period - Shot by Patrick Sharp.
13:21 of 3rd period - Shot Misses the Net.
13:23 of 3rd period - Shot by Mikkel Boedker.
13:23 of 3rd period - Shot Misses the Net.
13:25 of 3rd period - Shot by Paul Stastny.
13:25 of 3rd period - Shot Blocked by Jonathan Ericsson.
13:27 of 3rd period - Shot by Paul Stastny.
13:27 of 3rd period - Deflect By Patrick Sharp.
13:27 of 3rd period - Shot Blocked by Ben Lovejoy.
13:29 of 3rd period - Shot by Paul Stastny.
13:29 of 3rd period - Stopped by Carey Price without a rebound.
13:30 of 3rd period - Patrice Bergeron wins face-off versus T.J. Galiardi in Canadiens zone.
13:49 of 3rd period - Shot by Francois Beauchemin.
13:49 of 3rd period - Shot Blocked by Jonathan Ericsson.
14:13 of 3rd period - Shot by Kyle Palmieri.
14:13 of 3rd period - Stopped by Carey Price without a rebound.
14:14 of 3rd period - Andy Hilbert wins face-off versus Paul Stastny in Canadiens zone.
14:23 of 3rd period - Shot by Niklas Kronwall.
14:23 of 3rd period - Stopped by Carey Price without a rebound.
14:24 of 3rd period - Paul Stastny wins face-off versus T.J. Galiardi in Canadiens zone.
14:55 of 3rd period - Shot by Niklas Kronwall.
14:55 of 3rd period - Shot Misses the Net.
15:01 of 3rd period - Shot by Anton Stralman.
15:01 of 3rd period - Shot Blocked by Ben Lovejoy.
15:03 of 3rd period - Shot by Niklas Kronwall.
15:03 of 3rd period - Deflect By Patrick Sharp.
15:03 of 3rd period - Shot Misses the Net.
15:05 of 3rd period - Shot by Anton Stralman.
15:05 of 3rd period - Goal by Anton Stralman - Canadiens : 2 - Avalanche : 4.
15:06 of 3rd period - Patrice Bergeron wins face-off versus Connor McDavid in neutral zone.
15:09 of 3rd period - Shot by Alex Petrovic.
15:09 of 3rd period - Stopped by Carey Price without a rebound.
15:10 of 3rd period - Connor McDavid wins face-off versus Patrice Bergeron in Canadiens zone.
15:43 of 3rd period - Shot by Pascal Dupuis.
15:43 of 3rd period - Shot Blocked by Lukas Krajicek.
15:49 of 3rd period - Shot by Pascal Dupuis.
15:49 of 3rd period - Shot Misses the Net.
15:51 of 3rd period - Shot by Darren Helm.
15:51 of 3rd period - Shot Misses the Net.
15:53 of 3rd period - Shot by Pascal Dupuis.
15:53 of 3rd period - Stopped by Roberto Luongo with a rebound.
16:21 of 3rd period - Shot by Robbie Earl.
16:21 of 3rd period - Deflect By Andy Hilbert.
16:21 of 3rd period - Shot Blocked by Alex Petrovic.
16:23 of 3rd period - Shot by Andy Hilbert.
16:23 of 3rd period - Stopped by Roberto Luongo without a rebound.
16:24 of 3rd period - Patrick Sharp wins face-off versus Jiri Tlusty in Avalanche zone.
16:24 of 3rd period - Patrick Sharp is hit by Rene Bourque.
16:27 of 3rd period - Anton Stralman is hit by Rene Bourque and loses puck.
16:31 of 3rd period - TJ Brodie is hit by Ben Lovejoy and loses puck.
16:42 of 3rd period - Shot by Paul Stastny.
16:42 of 3rd period - Shot Misses the Net.
16:44 of 3rd period - Shot by Patrick Sharp.
16:44 of 3rd period - Shot Misses the Net.
16:46 of 3rd period - Shot by Chris VandeVelde.
16:46 of 3rd period - Shot Misses the Net.
16:56 of 3rd period - Shot by Patrick Sharp.
16:56 of 3rd period - Shot Misses the Net.
16:58 of 3rd period - Shot by Chris VandeVelde.
16:58 of 3rd period - Stopped by Carey Price without a rebound.
16:59 of 3rd period - Jussi Jokinen wins face-off versus T.J. Galiardi in Canadiens zone.
17:13 of 3rd period - Icing by Niklas Kronwall.
17:14 of 3rd period - Connor McDavid wins face-off versus Jussi Jokinen in Avalanche zone.
18:07 of 3rd period - Shot by Patrick Sharp.
18:07 of 3rd period - Stopped by Carey Price with a rebound.
18:29 of 3rd period - Shot by Alexander Radulov.
18:29 of 3rd period - Stopped by Roberto Luongo without a rebound.
18:30 of 3rd period - Patrice Bergeron wins face-off versus T.J. Galiardi in Avalanche zone.
18:46 of 3rd period - Off-side.
18:47 of 3rd period - Jiri Tlusty wins face-off versus Paul Stastny in neutral zone.
18:49 of 3rd period - Mark Stuart is hit by Anton Stralman and loses puck.
18:59 of 3rd period - Minor Penalty to TJ Brodie for Hooking.
19:00 of 3rd period - Connor McDavid wins face-off versus Jussi Jokinen in Avalanche zone.
19:26 of 3rd period - Off-side.
19:27 of 3rd period - Jussi Jokinen wins face-off versus Jiri Tlusty in neutral zone.
Goals for this period are 0 for Canadiens vs 2 for Avalanche.
Shots for this period are 7 for Canadiens vs 15 for Avalanche.